Map: Dusk Towers

Players

BuRny - Winner!

  • Race: Terran Terran
  • League: Master

A.I. 1 (Very Easy)

  • Race: Zerg Zerg

VOD

Have the link to the VOD?

Description

Time

  • Played on: Dec. 19, 2015, 2:40 a.m.
  • Length: 10:43
Show
View Real Time Build Order
Export as new Build Order

BuRny Terran - Winner!

Build Orders: 1/1/1, MMM Bio 

Get SALT Encoding   

  12  0:02  SCV  
  13  0:14  SCV  
  13  0:19  Supply Depot  
  14  0:26  SCV  
  15  0:29  Refinery  
  15  0:40  SCV  
  16  0:45  Barracks  
  16  0:52  SCV  
  17  1:04  SCV  
  18  1:16  SCV  
  19  1:32  Factory, Orbital Command  
  19  1:34  Marine  
  20  1:57  SCV  
  20  2:00  Command Center  
  21  2:09  SCV  
  22  2:17  Supply Depot  
  22  2:18  Starport  
  22  2:21  Factory Tech Lab  
  22  2:25  SCV  
  23  2:34  Barracks Reactor  
  23  2:39  SCV  
  24  2:56  Command Center  
  24  2:59  SCV  
  25  3:11  Banshee, SCV  
  29  3:13  Orbital Command  
  29  3:16  Marine  
  29  3:17  Marine  
  31  3:23  SCV  
  32  3:36  SCV  
  32  3:38  Barracks  
  32  3:39  Factory Reactor, Barracks  
  33  3:42  SCV  
  33  3:48  SCV  
  35  3:51  Refinery  
  35  3:54  SCV  
  36  3:58  Refinery  
  36  4:00  SCV  
  37  4:06  SCV  
  37  4:09  Orbital Command  
  38  4:12  SCV, Starport Reactor  
  39  4:17  Engineering Bay  
  39  4:18  SCV  
  39  4:19  Engineering Bay  
  40  4:24  SCV  
  40  4:30  SCV  
  42  4:35  SCV  
  42  4:36  SCV  
  44  4:39  Barracks  
  44  4:41  Barracks  
  44  4:42  SCV  
  44  4:44  Factory Reactor  
  45  4:47  SCV  
  45  4:48  Terran Infantry Weapons Level 1  
  45  4:49  Terran Infantry Armor Level 1  
  45  4:52  Stimpack  
  46  4:55  SCV x2  
  46  4:58  Refinery  
  46  4:59  SCV  
  49  5:05  Medivac  
  51  5:07  SCV x2  
  51  5:11  Marine x5  
  59  5:15  Orbital Command  
  59  5:16  Medivac  
  60  5:29  Barracks Reactor, Marine  
  60  5:35  Factory Tech Lab  
  61  5:37  Supply Depot x3  
  61  5:38  Supply Depot  
  61  5:49  SCV, Medivac x2, Marine x3  
  69  5:58  Marine x4  
  69  5:59  SCV x2, Siege Tank  
  69  6:01  SCV  
  79  6:04  Armory  
  79  6:06  Marine x5  
  79  6:11  SCV x2  
  86  6:13  SCV  
  86  6:16  Marine x3  
  86  6:18  Marine  
  91  6:23  SCV x2  
  91  6:24  Marine x3  
  97  6:25  SCV  
  97  6:33  Supply Depot x3  
  97  6:35  SCV x2, Supply Depot  
  97  6:37  SCV  
  100  6:43  Refinery  
  100  6:46  Refinery  
  100  6:47  SCV  
  100  6:53  Combat Shields  
  101  6:54  SCV x2  
  101  6:58  Terran Infantry Weapons Level 2, Terran Infantry Armor Level 2  
  101  6:59  SCV, Marine x4  
  101  7:00  Medivac  
  110  7:05  Marine x3  
  110  7:07  Siege Tank  
  116  7:10  Marine  
  116  7:12  SCV x2  
  116  7:13  SCV  
  120  7:19  Supply Depot, Marine x3  
  120  7:20  Marine  
  120  7:21  Supply Depot  
  124  7:24  SCV  
  124  7:25  Marine x4  
  124  7:27  Medivac  
  124  7:29  Marine  
  132  7:33  Supply Depot x2  
  132  7:36  SCV  
  133  7:42  Command Center  
  133  7:45  Marine x2  
  133  7:46  Marine  
  133  7:47  Siege Tank  
  133  7:48  Marine  
  133  7:49  Marine  
  141  7:54  Factory  
  141  7:57  Marine x4  
  145  7:59  Medivac  
  145  8:01  Medivac  
  145  8:03  Marine  
  145  8:05  Marine x2  
  151  8:06  Marine  
  151  8:10  Marine  
  151  8:11  Concussive Shells  
  154  8:15  Marine  
  154  8:19  Siege Tank  
  158  8:21  Barracks x2  
  158  8:22  Barracks  
  158  8:24  Marine x4  
  164  8:31  Supply Depot  
  164  8:32  Supply Depot  
  164  8:34  Supply Depot, Marine x3  
  162  8:35  Supply Depot  
  162  8:39  Marine  
  162  8:40  Factory Tech Lab, Medivac  
  168  8:42  Medivac  
  170  8:54  Marine x2  
  172  9:02  Marine x4  
  173  9:03  Siege Tank, Marine  
  173  9:04  Siege Tank  
  173  9:05  Marine x2  
  185  9:11  Ghost Academy  
  185  9:13  Missile Turret  
  185  9:15  Barracks Tech Lab x3  
  185  9:26  Planetary Fortress  
  185  9:28  SCV x2  
  185  9:30  SCV  
  185  9:31  Marine x2  
  188  9:38  Marine x2  
  190  9:39  Marauder  
  190  9:40  Marine x2, Marauder  
  190  9:41  Marine  
  190  9:43  Marine  
Show
View Real Time Build Order
Export as new Build Order

A.I. 1 (Very Easy) Zerg 

Build Orders: Pool First 

Get SALT Encoding   

  12  0:01  Drone  
  13  0:12  Overlord  
  13  0:17  Drone  
  14  0:36  Spawning Pool  
  14  0:39  Drone, Extractor  
  13  0:47  Drone  
  14  0:51  Overlord  
  14  1:23  Zergling x2  
  14  1:25  Queen  
  15  1:30  Roach Warren  
  16  1:33  Drone  
  16  1:37  Extractor  
  16  1:41  Drone  
  17  1:51  Zergling x2  
  18  2:00  Drone  
  19  2:07  Drone  
  20  2:16  Drone  
  20  2:20  Zergling x2  
  22  2:27  Overlord  
  22  2:32  Drone  
  23  2:39  Drone  
  24  2:46  Drone  
  24  2:48  Roach  
  27  4:11  Zergling x2  
  27  7:00  Drone  
  26  7:02  Zergling x2  
  26  7:03  Queen  
  26  7:07  Drone  
  11  7:14  Drone  
  12  7:22  Drone  
  13  7:29  Drone  
  14  7:31  Roach  
  14  7:35  Hatchery  
  14  7:36  Drone  
  16  7:39  Lair  
  16  7:43  Drone  
  17  7:50  Drone  
  18  7:58  Drone  
  19  7:59  Zergling x2  
  19  8:05  Drone  
  21  8:12  Drone  
  22  8:19  Drone  
  23  8:26  Drone  
  24  8:28  Overlord, Roach  
  24  8:33  Drone  
  27  8:39  Overseer  
  27  8:40  Drone, Overseer  
  28  8:48  Drone  
  29  8:55  Drone  
  30  8:56  Extractor  
  30  8:58  Extractor  
  30  9:02  Drone  
  29  9:09  Drone  
  30  9:16  Drone  
  31  9:17  Spire  
  31  9:24  Drone  
  31  9:31  Drone  
  32  9:38  Drone  
  33  9:45  Drone  
  35  9:52  Drone  
  35  10:00  Drone  
  35  10:04  Zergling x2  
  31  10:07  Drone  
  31  10:09  Overlord, Overseer  
  23  10:14  Drone  
  18  10:22  Drone  
  18  10:29  Drone  
Tags
 
Composition
MMM Bio
League
Master
Matchup
TvZ
Add a new tag
Caveats
  • Supply blocks, unpowered buildings, or Contaminate may cause inaccurate times.
  • Supply counts are checked every 10 seconds.